 Dungeon Crawl Stone Soup version 0.25.1-2-g60ff931df9 (webtiles) character file.

Game seed: 7643539803563126354

123 DearestLeader the Digger (level 5, -1/28 HPs)
             Began as a Gargoyle Earth Elementalist on Oct 16, 2020.
             Slain by Grinder (7 damage)
             ... on level 3 of the Dungeon.
             The game lasted 00:05:04 (2606 turns).

DearestLeader the Digger (GrEE)                     Turns: 2606, Time: 00:05:05

Health: -1/28      AC:  8    Str: 11    XL:     5   Next: 7%
Magic:  1/8        EV: 12    Int: 17    God:
Gold:   158        SH:  0    Dex: 10    Spells: 2/8 levels left

rFire    . . .     SeeInvis .   i - +1 dagger (venom)
rCold    . . .     Gourm    .   (no shield)
rNeg     + . .     Faith    .   c - +0 robe
rPois    ∞         Spirit   .   (no helmet)
rElec    +         Reflect  .   (no cloak)
rCorr    .         Harm     .   l - +1 pair of gloves
MR       .....                  (no boots)
Stlth    ++........             (no amulet)
HPRegen  0.09/turn              (no ring)
MPRegen  0.11/turn              (no ring)

@: stab, very slightly contaminated
A: negative energy resistance 1, electricity resistance, unbreathing,
petrification resistance, rot immunity, AC +4
a: no special abilities


You were on level 3 of the Dungeon.
You were not hungry.

You visited 1 branch of the dungeon, and saw 4 of its levels.

You collected 158 gold pieces.

Inventory:

Hand Weapons
 f - a +1 vorpal hand axe
 i - a +1 dagger of venom (weapon)
Missiles
 b - 172 stones (quivered)
Armour
 c - a +0 robe (worn)
 l - a +1 pair of gloves (worn)
Scrolls
 a - a scroll of teleportation {unknown}
 h - a scroll of amnesia
 k - a scroll of fear {unknown}
 p - a scroll of immolation
 r - a scroll of random uselessness
 s - a scroll of remove curse {unknown}
 u - a scroll of identify {unknown}
 v - a scroll of blinking {unknown}
Potions
 e - a potion of heal wounds {unknown}
 g - a potion of stabbing
 j - a potion of curing {unknown}
 m - a potion of magic {unknown}
 n - 2 potions of haste {unknown}
 o - a potion of mutation {unknown}
 q - 3 potions of cancellation {unknown}
Comestibles
 d - 3 rations
 t - 3 chunks of flesh


   Skills:
 - Level 1.5 Dodging
 - Level 2.1 Stealth
 - Level 2.0 Spellcasting
 - Level 0.7 Transmutations
 * Level 6.7 Earth Magic


You had 2 spell levels left.
You knew the following spells:

 Your Spells              Type           Power        Failure   Level  Hunger
a - Sandblast             Erth           ###...       1%          1    #......
b - Passwall              Tmut/Erth      ##......     6%          2    ###....
c - Stone Arrow           Conj/Erth      ##....       14%         3    ###....

Your spell library contained the following spells:

 Spells                   Type           Power        Failure   Level  Hunger
 Lee's Rapid Deconstruct  Erth           ###.......   32%         5    ######.
 Petrify                  Tmut/Erth      ##......     38%         4    #####..


Dungeon Overview and Level Annotations

Branches:
Dungeon (4/15)
 Temple: D:4-7

Altars:
Cheibriados
Dithmenos
Qazlal
The Shining One

Annotations:
D:3 Grinder


Innate Abilities, Weirdness & Mutations

You are resistant to torment.
Your stone body is resilient. (AC +4)
You are immune to poison.
You resist negative energy. (rN+)
You are resistant to electric shocks. (rElec)
You can survive without breathing.
You are immune to petrification.
You are immune to rotting.


Message History

The frilled lizard bites you. Grinder gestures at you.
You resist with significant effort.
Casting: Sandblast (safe; 1% risk of failure)
Confirm with . or Enter, or press ? or * to list all spells.
Aiming: Sandblast (safe; 1% risk of failure)
Press: ? - help, Shift-Dir - straight line, f/p - Grinder
Aim: Grinder (heavily wounded, very poisoned)
The blast of sand misses Grinder.
b - 172 stones The frilled lizard bites you but does no damage.
Grinder hits you.
* * * LOW HITPOINT WARNING * * *
You writhe in agony.
* * * LOW HITPOINT WARNING * * *
It was a potion of stabbing.
You feel ready to backstab.
The frilled lizard bites you but does no damage.
Grinder hits you!
You die...

..#####....# .....≈...<.#
≈.≈≈≈.#....# ≈grl≈...<#.#
≈≈≈≈..5)##.####
≈≈≈≈.≈S.l>>...################
♣≈≈≈≈...##...g........÷.......
≈≈≈≈.......##l###.....).#.####
.≈≈≈..####.##@###.......#.#
≈≈≈≈.≈ ..##5.##.......#.#
≈≈≈≈.≈ ######.##########.####
≈g≈≈. #..# #..... ≈≈.≈ ##.##
#..... ..≈. #..# #..... ##.##
#..... #..### #.....
#....#####.÷...


You could see Grinder (poisoned), a goblin and a frilled lizard.

Vanquished Creatures
  4 adders
  A worm (D:2)
  3 leopard geckos
  An orc (D:4)
  4 giant cockroaches
  8 goblins
  7 hobgoblins
  9 jackals
  A quokka (D:3)
  A ball python (D:2)
  12 bats
  7 frilled lizards
  9 kobolds
  5 rats
72 creatures vanquished.

Notes
Turn   | Place    | Note
-------+----------+-------------------------------------------
     0 | D:1      | DearestLeader the Gargoyle Earth Elementalist began the
                  | quest for the Orb.
     0 | D:1      | Reached XP level 1. HP: 10/10 MP: 3/3
   154 | D:1      | Reached skill level 4 in Earth Magic
   158 | D:1      | Reached XP level 2. HP: 11/15 MP: 5/5
   921 | D:1      | Reached skill level 5 in Earth Magic
   921 | D:1      | Reached XP level 3. HP: 18/19 MP: 6/6
  1458 | D:2      | Reached XP level 4. HP: 22/24 MP: 7/7
  1601 | D:2      | Found a stormy altar of Qazlal.
  1603 | D:2      | Reached skill level 6 in Earth Magic
  2130 | D:3      | Noticed Grinder
  2268 | D:3      | Learned a level 2 spell: Passwall
  2272 | D:3      | Learned a level 3 spell: Stone Arrow
  2412 | D:3      | Reached XP level 5. HP: 28/28 MP: 8/8
  2507 | D:3      | Found a faded altar of an unknown god.
  2507 | D:3      | Found a glowing golden altar of the Shining One.
  2512 | D:3      | Found a faded altar of an unknown god.
  2514 | D:3      | Found a snail-covered altar of Cheibriados.
  2516 | D:3      | Found a shadowy altar of Dithmenos.
  2596 | D:3      | Paralysed by Grinder for 4 turns
  2606 | D:3      | Slain by Grinder

Illustrated notes

Levels and vault maps discovered:
D:1:      dpeg_arrival_rooms_b, layout_basic, roderic_roman_lattice
D:2:      minmay_skewed_foursquare, layout_loops_ring, grunt_qazlal_sundering
D:3:      layout_basic, chequers_temple_overflow_minitemple, first_ration,
          chequers_ecumenical_altar_island, uniq_grinder
D:4:      wander_river, layout_cave_pods, nicolae_overflow_hidden_temple,
          kennysheep_mini_moat, minmay_temple_entry_purple_smoke, uniq_menkaure,
          uniq_ijyb, uniq_sigmund

Skill      XL: |  1  2  3  4 |
---------------+-------------+-----
Earth Magic    | 4 5 6 |  6.7
Dodging        | |  1.5
Stealth        | |  2.1
Spellcasting   | |  2.0
Transmutations | |  0.7

Action                   |  1- 3 |  4- 6 || total
-------------------------+-------+-------++-------
Melee: Unarmed           |     9 |       ||     9
       Hand axe          |    41 |       ||    41
       Dagger            |    87 |    87 ||   174
 Cast: Sandblast         |     1 |     8 ||     9
  Use: Scroll            |       |     3 ||     3
       Potion            |       |     1 ||     1
 Stab: Sleeping          |     5 |     2 ||     7
       Distracted        |       |     1 ||     1
  Eat: Chunk             |     2 |     4 ||     6
Armor: Robe              |    59 |    41 ||   100
Dodge: Dodged            |   117 |    74 ||   191
